 Dungeon Crawl Stone Soup version 0.30-a0-883-g5ad918d77d (webtiles) character file.

Game seed: 5197336144567298134

149 gelatine the Chopper (level 5, -5/39 HPs)
             Began as a Demonspawn Gladiator on Mar 18, 2023.
             Killed by divine providence
             ... invoked by an orc priest
              (15 damage)
             ... on level 3 of the Dungeon.
             The game lasted 00:05:38 (2428 turns).

gelatine the Chopper (Demonspawn Gladiator)         Turns: 2428, Time: 00:05:39

Health: -5/39      AC:  6    Str: 16    XL:     5   Next: 9%
Magic:  6/6        EV: 12    Int: 12    God:
Gold:   149        SH:  0    Dex: 14    Spells: 5/5 levels left

rFire   . . .      SeeInvis .    a - +0 war axe
rCold   . . .      Faith    .    (no shield)
rNeg    . . .      Spirit   .    b - +0 leather armour
rPois   .          Reflect  .    c - +0 helmet
rElec   .          Rampage  .    (no cloak)
rCorr   .                        e - +0 pair of gloves
Will    .....                    v - +0 pair of boots
Stlth   +                        i - amulet of the acrobat
HPRegen 0.26/turn                n - ring of flight
MPRegen 0.10/turn                (no ring)

@: flying
A: spiny 1, big brain 1, weakness stinger 1
a: no special abilities


You were on level 3 of the Dungeon.
You visited 1 branch of the dungeon, and saw 3 of its levels.

You collected 149 gold pieces.

Inventory:

Hand Weapons
 a - a +0 war axe (weapon)
Armour
 b - a +0 leather armour (worn)
 c - a +0 helmet (worn)
 e - a +0 pair of gloves (worn)
 v - a +0 pair of boots (worn)
Jewellery
 i - an amulet of the acrobat (around neck)
 n - a ring of flight (left hand)
Wands
 k - a wand of charming (5)
Scrolls
 g - 10 scrolls of identify {unknown}
 j - a scroll of enchant armour {unknown}
 o - 3 scrolls of teleportation {unknown}
 p - a scroll of amnesia {unknown}
 q - a scroll of magic mapping {unknown}
 s - a scroll of summoning {unknown}
 t - a scroll of fear {unknown}
Potions
 d - 5 potions of curing {unknown}
 f - a potion of cancellation {unknown}
 h - a potion of invisibility {unknown}
 l - a potion of ambrosia {unknown}
 m - 2 potions of haste {unknown}
 r - a potion of heal wounds {unknown}
 u - a potion of mutation {unknown}
 x - a potion of lignification {unknown}


   Skills:
 * Level 2.3 Fighting
 * Level 3.6 Axes
 * Level 2.5 Throwing
 * Level 1.2 Armour
 * Level 3.3 Dodging
 * Level 1.1 Stealth
 * Level 0.8 Spellcasting


You had 5 spell levels left.
You didn't know any spells.
Your spell library contained the following spells:

 Spells                   Type           Power      Damage    Failure   Level
 Ensorcelled Hibernation  Hex/Ice        0%         N/A       50%         2
 Passwall                 Tmut/Erth      0%         N/A       50%         2
 Swiftness                Air            0%         N/A       75%         3


Dungeon Overview and Level Annotations

Branches:
Dungeon (3/15)

Altars:

Shops:
D:1 *


Innate Abilities, Weirdness & Mutations

You are partially covered in sharp spines.
You have an unusually large brain. (Int +2)
You have a small tail.


Message History

Beogh smites you!
You slash the orc!
You kill the orc!
You miss the adder. The adder closely misses you.
The adder bites you but does no damage.
You barely miss the adder. The adder is struck by your spines.
The adder barely misses you.
You hit the adder.
Your tail-slap misses the adder.
The adder is severely wounded.
The adder closely misses you. The adder bites you but does no damage.
You miss the adder.
Your tail-slap misses the adder.
The adder is severely wounded.
The adder bites you. The adder closely misses you.
You hit the adder.
You kill the adder!
The orc priest invokes the aid of Beogh against you.
Pain shoots through your body!
* * * LOW HITPOINT WARNING * * *
You have reached level 5!
You slash the orc!
You kill the orc!
You barely miss the orc priest. You tail-slap the orc priest.
The orc priest is moderately wounded.
You hit the orc.
The orc priest hits you with a +0 hand axe.
* * * LOW HITPOINT WARNING * * *
The orc is struck by your spines.
You kill the orc!
You barely miss the orc priest.
You tail-slap the orc priest, but do no damage.
The orc priest is moderately wounded.
The orc priest is struck by your spines.
The orc priest misses you. The orc barely misses you.
The orc priest hits you but does no damage.
You slash the orc priest!
Your tail-slap misses the orc priest.
The orc priest is almost dead.
You barely miss the orc.
The orc priest invokes the aid of Beogh against you.
Beogh smites you!
You die...

......##
...(.......####.......##
......# ..........#
#.......##
####.†#oo.........#
#.......##
......#oo.........
###........
......#S..........
#........##
......##....S....#
#........#
####..###..oo....#
##........#
#...#########o#
##..#.....##
#...........o@#
#..###...## #
#####..###########
##......######
....##.#####
#####..###### #..
...........# ##......#
#.#
...........####..####.#
###.# ................##
#.# ###...#
............##### #.#
#...### ............#
#.# #...#
............###### ##.#
###.###


You could see an orc priest and an orc.

Vanquished Creatures
  Jessica (D:2)
  An orc wizard (D:3)
  2 adders (D:3)
  2 worms
  4 orcs (D:3)
  3 endoplasms
  A giant cockroach (D:3)
  4 hobgoblins
  10 jackals
  8 kobolds
  4 quokkas
  6 ball pythons
  8 bats
  7 frilled lizards
  2 goblins
  2 rats
65 creatures vanquished.

Notes
Turn   | Place    | Note
-------+----------+-------------------------------------------
     0 | D:1      | gelatine the Demonspawn Gladiator began the quest for the
                  | Orb.
     0 | D:1      | Reached XP level 1. HP: 16/16 MP: 1/1
    70 | D:1      | Found Eneak's Assorted Antiques.
   247 | D:1      | Gained mutation: You have a small tail. [demonic ancestry]
   247 | D:1      | Reached XP level 2. HP: 12/22 MP: 2/2
   896 | D:2      | Gained mutation: You have an unusually large brain. (Int
                  | +2) [demonic ancestry]
   896 | D:2      | Reached XP level 3. HP: 15/27 MP: 3/3
  1008 | D:2      | Found a faded altar of an unknown god.
  1069 | D:2      | Noticed Jessica
  1070 | D:2      | Killed Jessica
  1742 | D:2      | Gained mutation: You are partially covered in sharp spines.
                  | [demonic ancestry]
  1742 | D:2      | Reached XP level 4. HP: 33/33 MP: 4/4
  2227 | D:3      | Reached skill level 1 in Stealth
  2415 | D:3      | Reached skill level 1 in Armour
  2425 | D:3      | Reached XP level 5. HP: 11/39 MP: 6/6
  2428 | D:3      | Killed from afar by an orc priest

Illustrated notes

Levels and vault maps discovered:
D:1:      amcnicky_arrival_wind_blow, layout_loops_ring, serial_shops,
          shop_fountains
D:2:      minmay_razor_zed, layout_basic, hellmonk_ecumenical_altar_run_dry,
          nicolae_hexahallways, uniq_jessica
D:3:      cheibrodos_pilgrimage, layout_rooms

Skill      XL: |  1  2  3  4 |
---------------+-------------+-----
Axes           | 3 |  3.6
Throwing       | 2 |  2.5
Dodging        | 3 |  3.3
Stealth        | 1 |  1.1
Armour         | 1 |  1.2
Fighting       | |  2.3
Spellcasting   | |  0.8

Action                     |  1- 3 |  4- 6 || total
---------------------------+-------+-------++-------
  Melee: War axe           |    78 |    44 ||   122
         Tailslap          |     3 |     5 ||     8
         Punch             |     1 |       ||     1
  Throw: Stone             |     6 |       ||     6
         Throwing net      |     3 |       ||     3
         Javelin           |    20 |    11 ||    31
   Stab: Sleeping          |     3 |       ||     3
 Armour: Leather armour    |    28 |    13 ||    41
  Dodge: Dodged            |    62 |    34 ||    96

Table legend: (Time is in decaauts)
 A = Elapsed time spent in this place.
 B = Non-inter-level travel time spent in this place.
 C = Inter-level travel time spent in this place.
 D = Time resting spent in this place.
 E = Time spent auto-exploring this place.
 F = Levels seen in this place.
 G = Mean time per level.
                   A        B        C        D        E       F      G
               +--------+--------+--------+--------+--------+-----+--------+
         Total |   2480 |   2419 |     61 |      0 |   1942 |   3 |  826.7 |
       Dungeon |   2480 |   2419 |     61 |      0 |   1942 |   3 |  826.7 |
               +--------+--------+--------+--------+--------+-----+--------+

Top non-repeatable levels by time:
     D:2: 1292 daAuts
     D:1: 826 daAuts
     D:3: 362 daAuts
